 Dungeon Crawl Stone Soup version 0.31.0-12-g77e489cdc1 (webtiles) character file.

Game seed: 1417962045396652044

90 Gadfly the Insei (level 4, -1/35 HPs)
             Began as a Demonspawn Monk on Mar 1, 2024.
             Slain by a goblin
             ... wielding a +0 club
             ... led by Robin
              (6 damage)
             ... on level 3 of the Dungeon.
             The game lasted 00:02:11 (2381 turns).

Gadfly the Insei (Demonspawn Monk)                  Turns: 2381, Time: 00:02:11

Health: -1/35      AC:  2    Str: 14    XL:     4   Next: 32%
Magic:  4/4        EV: 13    Int: 10    God:
Gold:   137        SH:  0    Dex: 15    Spells: 3/3 levels left

rFire   . . .        b - +1 short sword (venom)
rCold   . . .        c - orb {light}
rNeg    . . .        a - +0 robe
rPois   .            (helmet restricted)
rElec   .            (no cloak)
rCorr   .            (no gloves)
SInv    .            (no boots)
Will    .....        (no amulet)
Stlth   +            (no ring)
HPRegen 0.25/turn    (no ring)
MPRegen 0.09/turn

%: no passive effects
@: glowing
A: antennae 1, weakness stinger 1
a: no special abilities


You were on level 3 of the Dungeon.
You visited 1 branch of the dungeon, and saw 3 of its levels.

You collected 137 gold pieces.

Inventory:

Hand Weapons
 b - a +1 short sword of venom (weapon)
Armour
 a - a +0 robe (worn)
 c - an orb of light (worn)
Scrolls
 g - a scroll of amnesia {unknown}
Potions
 d - 2 potions of haste
 e - a potion of ambrosia
 f - a potion of resistance {unknown}
 h - a potion of lignification {unknown}
 i - a potion of berserk rage


   Skills:
 - Level 3.0 Fighting
 + Level 3.0 Dodging
 * Level 3.4 Unarmed Combat
 * Level 1.7 Evocations
 * Level 1.6 Shapeshifting


You had 3 spell levels left.
You didn't know any spells.
Your spell library was empty.

Dungeon Overview and Level Annotations

Branches:
Dungeon (3/15)

Altars:


Innate Abilities, Weirdness & Mutations

You have a pair of small antennae on your head.
You have a small tail.


Message History

Robin roars a battlecry!
The goblin goes into a battle-frenzy!
Robin is nearby!
Robin roars a battlecry!
Robin misses you.
You hit Robin.
Robin is poisoned.
Robin is moderately wounded.
Robin hits you with a +0 short sword.
You hit Robin.
Robin looks as sick as possible!
You tail-slap Robin.
Robin is heavily wounded.
Robin hits you with a +0 short sword.
You hit Robin but do no damage.
Robin looks as sick as possible!
You tail-slap Robin, but do no damage.
Robin is almost dead.
You kill Robin!
The goblin shouts!
You hit the ball python.
The ball python is poisoned.
The ball python is heavily wounded.
You kill the ball python!
You barely miss the goblin.
The goblin hits you with a +0 dagger. x2
Things that are here:
a +0 short sword; a +0 ring mail; a +0 helmet The goblin attacks as it pursues you!
The goblin completely misses you. The goblin hits you with a +0 dagger.
* * * LOW HITPOINT WARNING * * *
The goblin no longer looks unusually strong.
The goblin attacks as it pursues you! The goblin hits you with a +0 dagger.
* * * LOW HITPOINT WARNING * * *
You hit the goblin but do no damage.
The goblin is poisoned.
You tail-slap the goblin, but do no damage.
The hobgoblin no longer looks unusually strong.
The goblin hits you with a +0 dagger.
* * * LOW HITPOINT WARNING * * *
You barely miss the goblin. You tail-slap the goblin.
You kill the goblin!
You hit the goblin.
The goblin is poisoned.
The goblin is moderately wounded.
The goblin hits you with a +0 club.
You die...

######################
#..............@gg.gg#
##.##################)#
...# #.# #### #g# ###
#g# ... #g# ### #.# #)#
#$#


You could see a hobgoblin and 3 goblins.

Vanquished Creatures
  Robin (D:3)
  2 adders
  4 orcs
  4 ball pythons
  6 endoplasms
  2 giant cockroaches (D:2)
  10 goblins
  7 hobgoblins
  A jackal (D:1)
  2 quokkas
  3 bats
  3 kobolds
  5 rats
50 creatures vanquished.

Notes
Turn   | Place    | Note
-------+----------+-------------------------------------------
     0 | D:1      | Gadfly the Demonspawn Monk began the quest for the Orb.
     0 | D:1      | Reached XP level 1. HP: 18/18 MP: 1/1
   319 | D:1      | Discovered your monstrous ancestry.
   319 | D:1      | Gained mutation: You have a small tail. [demonic ancestry]
   319 | D:1      | Reached XP level 2. HP: 16/24 MP: 2/2
   494 | D:1      | Reached skill level 1 in Evocations
   848 | D:2      | Reached skill level 1 in Shapeshifting
   911 | D:2      | Gained mutation: You have a pair of small antennae on your
                  | head. [demonic ancestry]
   911 | D:2      | Reached XP level 3. HP: 29/29 MP: 3/3
  1224 | D:2      | Found a faded altar of an unknown god.
  2144 | D:3      | Reached XP level 4. HP: 23/35 MP: 4/4
  2208 | D:3      | Identified the +0 scale mail of Optimism {+Blink}
  2335 | D:3      | Noticed Robin
  2370 | D:3      | Killed Robin
  2381 | D:3      | Slain by a goblin

Illustrated notes

Levels and vault maps discovered:
D:1:      lightli_arrival_isolated_outpost, layout_loops_ring,
          minmay_indecisive_spiral
D:2:      layout_loops_corners, basic_ecumenical_altar, minmay_misc_feat_rugged
D:3:      layout_loops_ring, mainiacjoe_overflow_tiny_flanked, st_stairs_2,
          uniq_robin

Skill      XL: |  1  2  3 |
---------------+----------+-----
Unarmed Combat | 3 |  3.4
Evocations     | 1 |  1.7
Shapeshifting  | 1 |  1.6
Dodging        | 3 |  3.0
Fighting       | |  3.0

Action                     |  1- 3 |  4- 6 || total
---------------------------+-------+-------++-------
  Melee: Unarmed           |   128 |     3 ||   131
         Tailslap          |    18 |     6 ||    24
         Short sword       |       |    20 ||    20
    Use: Scroll            |     6 |       ||     6
         Potion            |     1 |       ||     1
 Armour: Robe              |    67 |    21 ||    88
  Dodge: Dodged            |   103 |     8 ||   111
